 Dungeon Crawl Stone Soup version 0.32-a0-18-g89e19f1974 (webtiles) character file.

Game seed: 14009196248864472257

14 javaholic the Ruffian (level 2, -1/29 HPs)
             Began as a Troll Berserker on Jan 17, 2024.
             Was a Follower of Trog.
             Slain by a gnoll
             ... wielding a +0 spear
              (3 damage)
             ... on level 2 of the Dungeon.
             The game lasted 00:05:56 (454 turns).

javaholic the Ruffian (Troll Berserker)              Turns: 454, Time: 00:05:57

Health: -1/29      AC:  4    Str: 24    XL:     2   Next: 31%
Magic:  1/1        EV: 10    Int:  3    God:    Trog [*.....]
Gold:   11         SH:  0    Dex:  9    Spells: 1/1 levels left

rFire   . .          .
                       - Unarmed
rCold   . . .        (no shield)
rNeg    . . .        a - +0 animal skin
rPois   .            (helmet restricted)
rElec   .            (no cloak)
rCorr   .            (gloves unavailable)
SInv    .            (boots unavailable)
Will    +....        (no amulet)
Stlth   +            (no ring)
HPRegen 1.04/turn    (no ring)
MPRegen 0.07/turn

%: no passive effects
@: enlightened, flying
A: large, unfitting armour, claws 3, regeneration 1, shaggy fur 1, tough skin 1
a: Renounce Religion, Berserk


You were on level 2 of the Dungeon.
You worshipped Trog.
Trog was aware of your devotion.
You visited 1 branch of the dungeon, and saw 2 of its levels.

You collected 11 gold pieces.

Inventory:

Hand Weapons
 d - a +0 club
 g - a +0 quarterstaff
 i - a +0 whip
 j - a +0 rapier
Armour
 a - a +0 animal skin (worn)
Scrolls
 b - 2 scrolls of amnesia {unknown}
 h - a scroll of summoning {unknown}
Potions
 c - 2 potions of enlightenment
 e - a potion of haste {unknown}
 f - a potion of might {unknown}


   Skills:
 * Level 2.6 Fighting
 * Level 2.6 Dodging
 * Level 3.3 Unarmed Combat


You had one spell level left.
You didn't know any spells.
Your spell library was empty.

Dungeon Overview and Level Annotations

Branches:
Dungeon (2/15)

Altars:


Innate Abilities, Weirdness & Mutations

You are too large for most types of armour.
You have claws for hands.
Your natural rate of healing is unusually fast.
You are covered in fur. (AC +1)
You have tough skin. (AC +1)


Message History

Found a stone staircase leading up.
You see here a +0 whip.
i - a +0 whip You now have 11 gold pieces (gained 4).
Found a rapier.
You see here a +0 rapier.
j - a +0 rapier A gnoll comes into view.
It is wielding a +0 flail.
The gnoll shouts!
You hear a shout! x3
A gnoll comes into view. It is wielding a +0 spear.
The gnoll moves out of view.
A gnoll comes into view. It is wielding a +0 whip.
A gnoll comes into view. It is wielding a +0 spear.
The gnoll hits you from afar with a +0 spear. x2
You closely miss the gnoll. The gnoll hits you with a +0 whip.
The gnoll hits you but does no damage.
The gnoll hits you from afar with a +0 spear.
You scratch the gnoll.
The gnoll is moderately wounded.
The gnoll hits you but does no damage.
The gnoll hits you from afar with a +0 spear. x2
You scratch the gnoll.
The gnoll is severely wounded.
The gnoll hits you but does no damage. The gnoll barely misses you.
You closely miss the gnoll.
The gnoll is severely wounded.
The gnoll closely misses you. The gnoll hits you with a +0 whip.
The gnoll hits you from afar with a +0 spear.
You scratch the gnoll.
The gnoll is almost dead.
The gnoll hits you from afar with a +0 spear.
* * * LOW HITPOINT WARNING * * *
The gnoll closely misses you.
The gnoll hits you from afar with a +0 spear.
* * * LOW HITPOINT WARNING * * *
It was a potion of enlightenment.
You feel very buoyant.
You fly up into the air.
The gnoll hits you from afar with a +0 spear.
You die...

## # .## .#
.. ..## .# .#
...##.# ###
.# .....# #..
.# ...# #.#
.# #.#### #.#
.# #....##.#
######g###.#
####....#
#...@gg....#
#.....###
#.####g......
#.###.# #.#
####### # #.#
#.# #.# #.#
#.# #.# #.#
#.# #.# #.#
#.# #.#


You could see 4 gnolls.

Vanquished Creatures
  A dart slug (D:1)
  2 bats (D:1)
  An endoplasm (D:1)
  A giant cockroach (D:1)
  2 goblins (D:1)
  A frilled lizard (D:1)
  6 rats (D:1)
14 creatures vanquished.

Notes
Turn   | Place    | Note
-------+----------+-------------------------------------------
     0 | D:1      | javaholic the Troll Berserker began the quest for the Orb.
     0 | D:1      | Reached XP level 1. HP: 22/22 MP: 0/0
   184 | D:1      | Reached XP level 2. HP: 29/29 MP: 1/1
   311 | D:1      | You fall into a shaft and drop 1 floor!
   453 | D:2      | HP: 1/29 [gnoll/+0 spear (3)]
   454 | D:2      | Slain by a gnoll

Illustrated notes

Levels and vault maps discovered:
D:1:      elethiomel_arrival_diamonds, layout_basic
D:2:      layout_loops_ring

Action                     || total
---------------------------++-------
  Melee: Unarmed           ||    37
         Punch             ||     1
    Use: Potion            ||     1
 Armour: Animal skin       ||    31
  Dodge: Dodged            ||    23

Table legend: (Time is in decaauts)
 A = Elapsed time spent in this place.
 B = Non-inter-level travel time spent in this place.
 C = Inter-level travel time spent in this place.
 D = Time resting spent in this place.
 E = Time spent auto-exploring this place.
 F = Levels seen in this place.
 G = Mean time per level.
                   A        B        C        D        E       F      G
               +--------+--------+--------+--------+--------+-----+--------+
         Total |    451 |    101 |    350 |      0 |      0 |   2 |  225.5 |
       Dungeon |    451 |    101 |    350 |      0 |      0 |   2 |  225.5 |
               +--------+--------+--------+--------+--------+-----+--------+

Top non-repeatable levels by time:
     D:1: 309 daAuts
     D:2: 142 daAuts
